 Dungeon Crawl Stone Soup version 0.23.0 (webtiles) character file.

Game seed: 11014222411203718824

110 Rediskos the Skirmisher (level 4, 0/29 HPs)
             Began as a Gargoyle Fighter on Feb 9, 2019.
             Killed by divine providence
             ... invoked by an orc priest
              (14 damage)
             ... on level 4 of the Dungeon.
             The game lasted 00:04:23 (2386 turns).

Rediskos the Skirmisher (Gargoyle Fighter)          Turns: 2386, Time: 00:04:24

Health: 0/29       AC: 10    Str: 21    XL:     4   Next: 91%
Magic:  4/4        EV:  5    Int:  8    God:
Gold:   142        SH: 15    Dex:  9    Spells: 3/3 levels left

rFire    . . .     SeeInvis .   a - +0 flail
rCold    . . .     Gourm    .   o - +1 large shield
rNeg     + . .     Faith    .   b - +0 scale mail
rPois    ∞         Spirit   .   (no helmet)
rElec    +         Reflect  .   (no cloak)
rCorr    .         Harm     .   (no gloves)
MR       .....                  (no boots)
Stlth    ..........             (no amulet)
HPRegen  0.09/turn              (no ring)
MPRegen  0.09/turn              (no ring)

@: no status effects
A: negative energy resistance 1, electricity resistance, unbreathing,
petrification resistance, rot immunity, AC +3
a: no special abilities


You were on level 4 of the Dungeon.
You were very hungry.

You visited 1 branch of the dungeon, and saw 4 of its levels.

You collected 142 gold pieces.

Inventory:

Hand Weapons
 a - a +0 flail (weapon)
Armour
 b - a +0 scale mail (worn)
 c - a +0 shield
 o - a +1 large shield (worn)
Jewellery
 r - a +2 amulet of reflection {unknown}
Wands
 i - a wand of acid (9)
Scrolls
 g - 2 scrolls of identify
 p - a scroll of enchant armour
Potions
 d - 2 potions of might
 e - a potion of cancellation {unknown}
 h - a potion of degeneration {unknown}
 j - 5 potions of curing
 l - a potion of brilliance {unknown}
 m - 2 potions of heal wounds {unknown}
 q - a potion of flight {unknown}
Comestibles
 f - 3 rations


   Skills:
 + Level 4.0 Fighting
 * Level 3.4 Maces & Flails
 + Level 3.9 Armour
 + Level 3.9 Shields


You had 3 spell levels left.
You didn't know any spells.
Your spell library was empty.

Dungeon Overview and Level Annotations

Branches:
Dungeon (4/15)
 Temple: D:4-7

Altars:

Shops:
D:4 !


Innate Abilities, Weirdness & Mutations

You are resistant to torment.
Your stone body is resilient. (AC +3)
You are immune to poison.
You resist negative energy. (rN+)
You are resistant to electric shocks. (rElec)
You can survive without breathing.
You are immune to petrification.
You are immune to rotting.


Message History

t - Shout!
Orders for allies: a - Attack new target. r - Retreat! s - Stop attacking. g - Guard the area. f - Follow me.
Anything else - Cancel.
You shout for attention!
You are feeling very hungry.
The crimson imp blinks!
The crimson imp blinks!
You miss the crimson imp. You block the crimson imp's attack. x2
You completely miss the crimson imp. The crimson imp hits you.
Something unseen opens the door.
An orc priest comes into view.
It is wielding a +0 flail and carrying a wand of iceblast (5).
The orc priest shouts!
The orc priest mumbles some strange prayers to Beogh against you.
Beogh smites you! The crimson imp puffs mist at you.
The orc priest invokes the aid of Beogh against you.
Beogh smites you!
You die...

*,,,,,,*,#.# *,,,,,,,*
***,****,*,#.####**,,,,,,,*
*,,,* *,*,#..%.,,,,,,,**** ####
*,,,* *,*,#...,,,,,,,,* #.5.
*,,,****,*,#..,,,,,,,,,* #...
***,,,,,,*,#.################...
*,,*####+#...........)..†)'...
*,,*#.....#################...
*,,*#......5.@.........# ####
*,,*#......###########.#
*,,*#(o<...# #.# *,,*#......#
#.# ****,,.'......# #<#******
,,,,,..#......# #.#,,,,,,
*****..######.# #.#,**,,, *,,*
#.# #?#,**,,, *,,* *#+#*
#.#,**,,,


You could see an orc priest and a crimson imp.

Vanquished Creatures
  A worker ant (D:4)
  4 gnolls
  An ooze (D:3)
  A worm (D:2)
  3 dart slugs
  4 leopard geckos
  An orc (D:2)
  A giant cockroach (D:1)
  6 goblins
  2 hobgoblins (D:2)
  4 kobolds
  2 ball pythons (D:2)
  2 bats
  3 frilled lizards
  3 rats
38 creatures vanquished.

Notes
Turn   | Place    | Note
-------+----------+-------------------------------------------
     0 | D:1      | Rediskos the Gargoyle Fighter began the quest for the Orb.
     0 | D:1      | Reached XP level 1. HP: 14/14 MP: 1/1
    24 | D:1      | Reached XP level 2. HP: 12/19 MP: 2/2
   896 | D:2      | Reached XP level 3. HP: 18/23 MP: 3/3
  1692 | D:3      | Reached XP level 4. HP: 29/29 MP: 4/4
  2259 | D:4      | Found Xiefamae's Distillery.
  2299 | D:4      | Reached skill level 4 in Fighting
  2386 | D:4      | Killed from afar by an orc priest

Skill      XL: |  1  2  3  4 |
---------------+-------------+-----
Maces & Flails | 3 |  3.4
Fighting       | 4 |  4.0
Armour         | |  3.9
Shields        | |  3.9

Action                   |  1- 3 |  4- 6 || total
-------------------------+-------+-------++-------
Melee: Flail             |   121 |    85 ||   206
  Use: Scroll            |       |     4 ||     4
  Eat: Chunk             |     3 |     1 ||     4
Armor: Scale mail        |    56 |    34 ||    90
Dodge: Dodged            |    22 |     7 ||    29
Block: Shield            |    42 |       ||    42
       Large shield      |    17 |    67 ||    84
